 Dungeon Crawl Stone Soup version 0.28-a0-653-g7e9dba17c3 (webtiles) character file.

Game seed: 11011096580969535020

38 KoroneIsBestGirl the Chiller (level 3, -1/24 HPs)
             Began as a Barachi Ice Elementalist on Oct 11, 2021.
             Slain by a goblin (4 damage)
             ... on level 1 of the Dungeon.
             The game lasted 00:02:00 (1728 turns).

KoroneIsBestGirl the Chiller (BaIE)                 Turns: 1728, Time: 00:02:00

Health: -1/24      AC:  2    Str:  9    XL:     3   Next: 43%
Magic:  6/7        EV: 12    Int: 16    God:
Gold:   27         SH:  0    Dex: 12    Spells: 6/7 levels left

rFire   . . .      SeeInvis .   f - +0 dagger
rCold   . . .      Faith    .   (no shield)
rNeg    . . .      Spirit   .   a - +0 robe
rPois   .          Reflect  .   (no helmet)
rElec   .          Harm     .   (no cloak)
rCorr   .          Rampage  .   (no gloves)
Will    .....                   (no boots)
Stlth   ++........              (no amulet)
HPRegen 0.08/turn               (no ring)
MPRegen 0.10/turn               (no ring)

@: slow
A: amphibious, slowness 1, strong legs 1, +LOS
a: Hop


You were on level 1 of the Dungeon.
You visited 1 branch of the dungeon, and saw 2 of its levels.

You collected 27 gold pieces.

Inventory:

Hand Weapons
 f - a +0 dagger (weapon)
Armour
 a - a +0 robe (worn)
Scrolls
 b - a scroll of teleportation {unknown}
 c - a scroll of amnesia {unknown}
 h - a scroll of identify {unknown}
 i - a scroll of torment {unknown}
Potions
 d - a potion of might {unknown}
 e - a potion of flight {unknown}
 g - a potion of cancellation {unknown}


   Skills:
 + Level 2.9 Dodging
 - Level 1.7 Stealth
 + Level 2.8 Spellcasting
 + Level 5.4 Ice Magic


You had 6 spell levels left.
You knew the following spells:

 Your Spells              Type           Power      Damage    Failure   Level
a - Freeze                Ice            76%        1d9       1%          1

Your spell library contained the following spells:

 Spells                   Type           Power      Damage    Failure   Level
 Frozen Ramparts          Ice            38%        1d5       6%          3
 Ozocubu's Armour         Ice            19%        N/A       6%          3
 Hailstorm                Conj/Ice       10%        3d5       54%         4


Dungeon Overview and Level Annotations

Branches:
Dungeon (2/15)

Altars:

Shops:
D:1 ?


Innate Abilities, Weirdness & Mutations

You are amphibious.
You cover ground slowly.
You can hop short distances.
You have an extended range of vision and can be seen from far away.


Message History

You can't see any susceptible monsters within range! (Use Z to cast anyway.)
The hobgoblin shouts!
The hobgoblin hits you.
The giant cockroach waves its antennae.
The hobgoblin hits you.
You hit the hobgoblin but do no damage. The hobgoblin barely misses you.
You freeze the hobgoblin!
You kill the hobgoblin!
You can't see any susceptible monsters within range! (Use Z to cast anyway.)
You can't see any susceptible monsters within range! (Use Z to cast anyway.)
You can't see any susceptible monsters within range! (Use Z to cast anyway.)
You can't see any susceptible monsters within range! (Use Z to cast anyway.)
An endoplasm comes into view.
The endoplasm quivers.
The giant cockroach misses you. The giant cockroach barely misses you.
You completely miss the goblin. The goblin hits you with a +0 club.
The giant cockroach bites you but does no damage.
You are too injured to fight recklessly!
You are too injured to fight recklessly!
You are too injured to fight recklessly!
You are too injured to fight recklessly!
The giant cockroach bites you. The goblin barely misses you.
Found 10 gold pieces.
The giant cockroach closely misses you.
You see here a rat corpse.
The giant cockroach bites you. The endoplasm hits you.
The giant cockroach bites you.
* * * LOW HITPOINT WARNING * * *
The goblin barely misses you. The giant cockroach barely misses you.
The goblin hits you but does no damage.
There is a stone staircase leading up here.
The endoplasm hits you but does no damage.
The giant cockroach closely misses you. The goblin completely misses you.
You climb upwards.
There is a stone staircase leading down here.
The goblin closely misses you. The endoplasm freezes you.
You are frozen.
* * * LOW HITPOINT WARNING * * *
The goblin hits you with a +0 club.
You die...

.### #.# .# #.# .# #.#
.# #.# .# #.# .#
#.############## .#
#.##...........# .#
#.##.#########.# .#
#.##@# #.# ##
##..g.#########.# ##
#.>.J........##.#
8####
######.###.######.##.#
..'.# #......#
#.######.##.#
8##.###.######
#...........#
###.........#
#.######.####
.#.####...#.# #.# #.#
#.## ##.#### ### #.#


You could see an endoplasm and a goblin.

Vanquished Creatures
  A gnoll (D:1)
  3 ball pythons (D:1)
  3 bats (D:1)
  3 endoplasms
  2 goblins
  6 hobgoblins
  A kobold (D:1)
  3 frilled lizards (D:1)
  4 rats
26 creatures vanquished.

Notes
Turn   | Place    | Note
-------+----------+-------------------------------------------
     0 | D:1      | KoroneIsBestGirl the Barachi Ice Elementalist began the
                  | quest for the Orb.
     0 | D:1      | Reached XP level 1. HP: 13/13 MP: 3/3
    57 | D:1      | Reached skill level 5 in Ice Magic
   459 | D:1      | Reached XP level 2. HP: 12/19 MP: 0/5
  1191 | D:1      | Reached XP level 3. HP: 5/24 MP: 1/7
  1579 | D:1      | Found Onoosi's Magic Scroll Boutique.
  1728 | D:1      | Slain by a goblin

Illustrated notes

Levels and vault maps discovered:
D:1:      lemuel_arrival_room, layout_loops_ring, serial_shops, shop_fountains,
          dk_noncrumbling_2
D:2:      layout_rooms, chequers_ecumenical_altar_simple, lemuel_old_faithful

Skill      XL: |  1 |
---------------+----+-----
Ice Magic      | 5 |  5.4
Dodging        | |  2.9
Stealth        | |  1.7
Spellcasting   | |  2.8

Action                   || total
-------------------------++-------
Melee: Unarmed           ||     4
       Dagger            ||     5
 Cast: Freeze            ||    36
 Abil: Hop               ||     1
Armor: Robe              ||    16
Dodge: Dodged            ||    32

Table legend: (Time is in decaauts)
 A = Elapsed time spent in this place.
 B = Non-inter-level travel time spent in this place.
 C = Inter-level travel time spent in this place.
 D = Time resting spent in this place.
 E = Time spent auto-exploring this place.
 F = Levels seen in this place.
 G = Mean time per level.
                   A        B        C        D        E       F      G
               +--------+--------+--------+--------+--------+-----+--------+
         Total |   1875 |   1859 |     16 |      0 |   1632 |   2 |  937.5 |
       Dungeon |   1875 |   1859 |     16 |      0 |   1632 |   2 |  937.5 |
               +--------+--------+--------+--------+--------+-----+--------+

Top non-repeatable levels by time:
     D:1: 1846 daAuts
     D:2: 29 daAuts
